 Dungeon Crawl Stone Soup version 0.18.1-47-g9310371 (webtiles) character file.

30039 jennos the Fighter (level 13, -20/108 HPs)
             Began as a Merfolk Gladiator on June 16, 2016.
             Was a High Priest of Ashenzari.
             Killed from afar by Azrael (47 damage)
             ... with damnation
             ... on level 11 of the Dungeon on June 18, 2016.
             The game lasted 02:08:31 (29352 turns).

jennos the Fighter (Merfolk Gladiator)             Turns: 29352, Time: 02:08:32

Health: -20/108    AC: 22    Str: 17    XL:     13   Next: 49%
Magic:  24/24      EV: 22    Int:  7    God:    Ashenzari [*****.]
Gold:   503        SH: 15    Dex: 21    Spells: 1 memorised, 25 levels left

rFire  . . .     SeeInvis +     s - +2 spear (pierce)
rCold  + . .     Gourm    .     O - +2 ring mail {rN+} (curse)
rNeg   + . .     Faith    .     A - +3 shield {AC+3} (curse)
rPois  .         Spirit   .     F - +0 helmet (curse)
rElec  .         Dismiss  .     L - +2 cloak (curse)
rCorr  .         Reflect  .     y - +2 pair of gloves {Dex+3} (curse)
SustAt .         Harm     .     o - +0 pair of boots
MR     +....     Clarity  +     (no amulet)
Stlth  +.........               (no ring)
                                N - ring of protection from magic (curse)

@: somewhat resistant to hostile enchantments, very unstealthy
A: change form in water, swift swim, cold resistance 1
a: Curse Item, Scrying, Transfer Knowledge, Renounce Religion


You were on level 11 of the Dungeon.
You worshipped Ashenzari.
Ashenzari was extremely pleased with you.
You were not hungry.

You visited 3 branches of the dungeon, and saw 18 of its levels.
You visited 1 bazaar.
You also visited: Labyrinth.

You collected 1050 gold pieces.
You spent 547 gold pieces at shops.

Inventory:

Hand Weapons
 s - a +2 spear of piercing (weapon)
Missiles
 Q - 2 throwing nets (quivered)
Armour
 g - a +1 chain mail of fire resistance
 j - the +4 plate armour of Heviosk {Str+4 Int-2 Slay+2}
   (You found it on level 4 of the Lair of Beasts)

   It affects your strength (+4).
   It affects your intelligence (-2).
   It affects your accuracy and damage with ranged weapons and melee attacks
   (+2).
 o - a +0 pair of boots (worn)
 y - a cursed +2 pair of gloves of dexterity (worn)
 A - a cursed +3 shield of protection (worn)
 C - a +0 ring mail
 F - a cursed +0 helmet (worn)
 L - a cursed +2 cloak (worn)
 O - a cursed +2 ring mail of positive energy (worn)
Rods
 t - a +0 rod of shadows (9/9)
   (You found it in a labyrinth)
Jewellery
 G - an uncursed amulet of dismissal
 N - a cursed ring of protection from magic (left hand)
Wands
 b - a wand of polymorph (1/24)
 c - a wand of slowing (18/48)
 i - a wand of confusion (11/48)
 q - a wand of polymorph (14/24)
 D - a wand of iceblast (8/15)
 H - a wand of lightning (4/15)
 R - a wand of confusion (17/48)
Scrolls
 a - a scroll of blinking
 d - 3 scrolls of identify
 e - a scroll of amnesia
 l - 3 scrolls of fear
 m - 4 scrolls of teleportation
 u - 2 scrolls of fog
 z - 2 scrolls of recharging
 B - a scroll of enchant armour
Potions
 k - 2 potions of curing
 n - 4 potions of magic
 r - a potion of haste
 w - a potion of agility
 x - 6 potions of flight
 S - a potion of brilliance
Books
 v - a book of Debilitation

   Spells                             Type                      Level
   a - Corona                         Hexes                        1
   b - Slow                           Hexes                        2
   c - Gell's Gravitas                Hexes/Translocation          3
   d - Inner Flame                    Hexes/Fire                   3
   e - Cause Fear                     Hexes                        4
   f - Leda's Liquefaction            Hexes/Earth                  4
 K - a book of Burglary

   Spells                             Type                      Level
   a - Swiftness                      Charms/Air                   2
   b - Passwall                       Transmutation/Earth          2
   c - Passage of Golubria            Translocation                4
   d - Lee's Rapid Deconstruction     Earth                        5
   e - Darkness                       Hexes                        6
   f - Invisibility                   Hexes                        6
Comestibles
 f - 16 bread rations
 h - 10 meat rations
 p - 5 fruits
 E - a slice of pizza


   Skills:
 - Level 12.2 Fighting
 - Level 12.1 Polearms
 - Level 2.0 Throwing
 - Level 8.1(10.7) Armour
 - Level 12.0(14.3) Dodging
 - Level 7.1(9.8) Shields
 + Level 7.5 Spellcasting
 + Level 7.1 Charms


You had 25 spell levels left.
You knew the following spells:

 Your Spells              Type           Power        Failure   Level  Hunger
a - Swiftness             Chrm/Air       #.......     28%         2    ##.....


Dungeon Overview and Level Annotations

Branches:
Dungeon (12/15)            Temple (1/1) D:7            Lair (5/8) D:10
  Swamp (0/4) Lair:5       Spider (0/4) Lair:3
    Orc: D:9-12

Altars:
Ashenzari
Dithmenos
Elyvilon
Fedhas
Gozag
Kikubaaqudgha
Makhleb
Okawaru
Qazlal
Ru
Sif Muna
Trog
Vehumet
Xom
Yredelemnul
Zin

Shops:
D:4 !

Annotations:
D:11 Azrael


Innate Abilities, Weirdness & Mutations

You revert to your normal form in water.
You are very nimble and swift while swimming.
Your flesh is cold resistant.


Message History

You are covered in liquid flames!
The fire elemental hits you. The fire elemental burns you!
* * * LOW HITPOINT WARNING * * *
You hit the fire elemental but do no damage.
The fire elemental is almost destroyed.
You are covered in liquid flames!
* * * LOW HITPOINT WARNING * * *
You block the fire elemental's attack.
You puncture the fire elemental!
You destroy the fire elemental!
You are covered in liquid flames!
* * * LOW HITPOINT WARNING * * *
Azrael closely misses you.
Drink which item? (? for menu, Esc to quit)
You feel better.
You are covered in liquid flames!
* * * LOW HITPOINT WARNING * * *
Azrael gestures at you.
The damnation unfurls!
The damnation engulfs you!
You die...

..##.....#####....[....# #.###
#.##.....##..')........# #>#..
#.##.....##.##.........######.#..
#.##)....)..##.........'...##.#..
#..'....[#####..)......###....###
####.....# #.........# ####....
####'## #....)....# ##.## #..#
###'####### #.# #####'### #@#
#.## #.......#######R## #.(.
##.......'........######### ###'
.'.......#######..........#####..
.#.......# #.########....##..
.#.......# #.# ####..'..
.#.......# #.# ####.. ##.......#
#.# #.. ##.......# #.# #..


You could see Azrael.

Vanquished Creatures
  5 hydras
  Erica (D:10)
  4 hill giants
  An ugly thing (D:11)
  A griffon (Lair:4)
  A cyclops (D:11)
  Joseph (D:8)
  2 black mambas
  A gargoyle (D:10)
  9 spiny frogs
  2 rime drakes (Lair:4)
  7 komodo dragons
  3 trolls
  A merfolk (D:9)
  Grinder (D:6)
  7 blink frogs
  A redback (Lair:3)
  2 shadows (Lab)
  A wyvern (D:10)
  A fire elemental (D:11)
  7 yaks
  3 hippogriffs
  Grum (D:8)
  3 hungry ghosts
  4 vampire mosquitoes (Lair:5)
  A mottled dragon (D:11)
  A soldier ant (D:11)
  8 water moccasins
  7 porcupines
  2 hell hounds (D:11)
  5 orc warriors
  2 sky beasts
  3 black bears
  6 ice beasts
  2 eyes of draining
  5 necrophages
  6 ogres
  3 wolves
  7 centaurs
  9 crocodiles
  12 giant frogs
  2 wyvern skeletons
  A scorpion (Lair:4)
  12 killer bees
  4 howler monkeys
  12 wights
  2 electric eels
  3 crimson imps
  A centaur zombie (D:7)
  2 jellies
  A giant frog skeleton (D:7)
  4 hounds
  3 orc priests
  5 iguanas
  11 orc wizards
  10 hell rats
  10 worker ants
  2 hound zombies
  A howler monkey zombie (D:7)
  7 gnolls
  3 howler monkey skeletons
  9 adders
  43 river rats
  3 shadow imps (D:9)
  2 adder skeletons
  4 worms
  3 dart slugs
  8 giant geckos
  32 orcs
  A ball python (D:1)
  6 giant cockroaches
  5 goblins
  6 hobgoblins
  17 jackals
  6 quokkas
  A ball python skeleton (D:5)
  10 bats
  4 giant newts
  A jackal zombie (D:7)
  5 kobolds
  8 rats
  2 fungi
  A plant (D:10)
422 creatures vanquished.

Vanquished Creatures (others)
  25 fungi
  3 plants (D:10)
28 creatures vanquished.

Grand Total: 450 creatures vanquished

Notes
Turn   | Place    | Note
--------------------------------------------------------------
     0 | D:1      | jennos the Merfolk Gladiator began the quest for the Orb.
     0 | D:1      | Reached XP level 1. HP: 16/16 MP: 1/1
   159 | D:1      | Reached skill level 5 in Polearms
   260 | D:1      | Reached XP level 2. HP: 22/22 MP: 2/2
  1002 | D:2      | Reached XP level 3. HP: 24/27 MP: 3/3
  1289 | D:2      | Reached XP level 4. HP: 33/33 MP: 4/4
  2366 | D:3      | Found a blossoming altar of Fedhas.
  2372 | D:3      | Found a glowing silver altar of Zin.
  2460 | D:3      | Noticed an orc warrior
  3404 | D:3      | Reached XP level 5. HP: 24/38 MP: 5/5
  3963 | D:4      | Found Syoff's Distillery.
  3966 | D:4      | Bought a potion of might for 48 gold pieces
  3966 | D:4      | Bought a potion of curing for 36 gold pieces
  3966 | D:4      | Bought a potion of agility for 48 gold pieces
  4025 | D:4      | Found an iron altar of Okawaru.
  4061 | D:4      | Noticed an ogre
  4084 | D:4      | Killed an ogre
  4084 | D:4      | Reached XP level 6. HP: 44/44 MP: 6/6
  4124 | D:4      | Reached skill level 10 in Polearms
  4592 | D:3      | Killed an orc warrior
  4592 | D:3      | Reached XP level 7. HP: 42/50 MP: 7/7
  4658 | D:5      | Entered Level 5 of the Dungeon
  5006 | D:5      | Noticed Grinder
  5086 | D:5      | Paralysed by Grinder for 4 turns
  5103 | D:5      | Paralysed by Grinder for 6 turns
  5116 | D:5      | Paralysed by Grinder for 4 turns
  5181 | D:5      | Paralysed by Grinder for 4 turns
  5186 | D:5      | Paralysed by Grinder for 2 turns
  5206 | D:6      | Paralysed by Grinder for 7 turns
  5226 | D:6      | Paralysed by Grinder for 5 turns
  6253 | D:5      | Reached skill level 5 in Dodging
  6253 | D:5      | Reached XP level 8. HP: 39/58 MP: 8/8
  6683 | D:5      | Reached skill level 10 in Dodging
  6683 | D:5      | Reached XP level 9. HP: 81/81 MP: 9/9
  7292 | D:7      | Found a staircase to the Ecumenical Temple.
  7301 | Temple   | Entered the Ecumenical Temple
  7345 | Temple   | Became a worshipper of Ashenzari the Shackled
  7737 | D:6      | Killed Grinder
  8169 | D:7      | Found a shimmering altar of Xom.
  8384 | D:7      | Found a sacrificial altar of Ru.
  8385 | D:7      | Found a stormy altar of Qazlal.
  8395 | D:7      | Found a burning altar of Makhleb.
  8398 | D:7      | Found a deep blue altar of Sif Muna.
  8860 | D:8      | Noticed Grum
  8880 | D:7      | Reached XP level 10. HP: 82/89 MP: 10/10
  9419 | D:8      | Reached skill level 1 in Armour
  9493 | D:8      | Noticed Joseph
  9518 | D:8      | Reached skill level 1 in Shields
  9572 | D:8      | Killed Joseph
 10015 | D:8      | Killed Grum
 10391 | D:8      | Reached * piety under Ashenzari
 10615 | D:8      | Found a shadowy altar of Dithmenos.
 12458 | D:9      | Reached ** piety under Ashenzari
 13101 | D:10     | Entered Level 10 of the Dungeon
 13315 | D:10     | Found a staircase to the Lair.
 13364 | D:10     | Reached XP level 11. HP: 95/95 MP: 2/11
 13529 | D:10     | Noticed a hill giant
 13666 | D:10     | Killed a hill giant
 14123 | D:10     | Reached skill level 5 in Armour
 14994 | D:10     | Noticed Erica
 15030 | D:10     | Killed Erica
 15030 | D:10     | Reached skill level 5 in Shields
 15522 | Lair:1   | Entered Level 1 of the Lair of Beasts
 16679 | D:11     | Noticed a hill giant
 16724 | D:11     | Killed a hill giant
 16953 | D:11     | Found a flickering gateway to a bazaar.
 16958 | Bazaar   | Entered a bazaar
 16964 | Bazaar   | Found Fuokin's Magic Scroll Shop.
 16964 | Bazaar   | Found Rienn's Jewellery Boutique.
 16981 | Bazaar   | Bought a scroll of magic mapping for 38 gold pieces
 16983 | Bazaar   | Bought an uncursed ring of protection from magic for 300 gold pieces
 16985 | Bazaar   | Bought a scroll of remove curse for 33 gold pieces
 16985 | Bazaar   | Bought a scroll of identify for 22 gold pieces
 16985 | Bazaar   | Bought a scroll of identify for 22 gold pieces
 17309 | D:11     | Noticed a cyclops
 17341 | D:11     | Killed a cyclops
 17379 | D:11     | Reached *** piety under Ashenzari
 17541 | D:11     | Noticed a hill giant
 17573 | D:11     | Killed a hill giant
 18021 | D:11     | Noticed a hill giant
 18049 | D:11     | Killed a hill giant
 18049 | D:11     | Reached XP level 12. HP: 81/102 MP: 12/12
 18374 | D:11     | Gained mutation: Your flesh is cold resistant. [potion of beneficial mutation]
 18919 | Lair:1   | Noticed a seven-headed hydra
 18957 | Lair:1   | Killed a seven-headed hydra
 19250 | Lair:1   | Reached skill level 1 in Spellcasting
 20237 | Lair:2   | Noticed a six-headed hydra
 20245 | Lair:2   | Killed a six-headed hydra
 20571 | Lair:1   | Learned a level 2 spell: Swiftness
 20764 | Lair:2   | Noticed a seven-headed hydra
 20788 | Lair:2   | Killed a seven-headed hydra
 20788 | Lair:2   | Reached skill level 1 in Charms
 21505 | Lair:3   | Found a radiant altar of Vehumet.
 21645 | Lair:3   | Reached skill level 5 in Spellcasting
 21721 | Lair:3   | Reached **** piety under Ashenzari
 21828 | Lair:3   | Found a hole to the Spider Nest.
 22656 | Lair:4   | Reached XP level 13. HP: 91/108 MP: 21/21
 22868 | Lair:4   | Identified the +4 plate armour of Heviosk {Str+4 Int-2 Slay+2}
 23438 | Lair:4   | Reached skill level 5 in Charms
 24453 | Lair:5   | Found a radiant altar of Vehumet.
 24490 | Lair:5   | Found a labyrinth entrance.
 24499 | Lab      | Entered a labyrinth
 26772 | Lab      | Noticed a minotaur
 27612 | Lair:5   | Reached ***** piety under Ashenzari
 28136 | Lair:5   | Found a staircase to the Swamp.
 28419 | Lair:5   | HP: 5/108 [fire crab] (17)]
 28424 | Lair:5   | HP: 2/108 [fire crab] (4)]
 29074 | D:12     | Noticed Azrael
 29352 | D:11     | Killed from afar by Azrael

Skill      XL: |  1  2  3  4  5  6  7  8  9 10 11 12 13 |
---------------+----------------------------------------+-----
Polearms       | 5 6 8 9 11 12 | 12.1
Fighting       | 3 11 12 | 12.2
Dodging        | 5 10 11 12 | 12.0
Armour         | 4 7 8 |  8.1
Shields        | 3 6 7 |  7.1
Spellcasting   | 5 7 |  7.5
Charms         | 4 7 |  7.1
Throwing       | |  2.0

Action                   |  1- 3 |  4- 6 |  7- 9 | 10-12 | 13-15 || total
-------------------------+-------+-------+-------+-------+-------++-------
Melee: Trident           |    72 |       |       |       |       ||    72
       Spear             |     7 |   244 |   522 |  2214 |   653 ||  3640
Throw: Throwing net      |       |     4 |     1 |     4 |       ||     9
Invok: Curse Item        |       |       |     1 |     4 |     1 ||     6
       Scrying           |       |       |       |     1 |       ||     1
Evoke: Wand              |       |       |       |     5 |     6 ||    11
  Use: Scroll            |       |    10 |    14 |    11 |     2 ||    37
       Potion            |       |     2 |     5 |     5 |     7 ||    19
 Stab: Sleeping          |     2 |     6 |     1 |     1 |       ||    10
       Held in net/web   |       |     1 |       |       |       ||     1
       Confused          |       |       |       |     2 |     1 ||     3
       Invisible         |       |       |       |       |     7 ||     7
  Eat: Chunk             |     1 |     9 |     7 |    31 |     4 ||    52
       Pizza             |       |     1 |     2 |     2 |       ||     5
       Fruit             |       |     1 |       |     6 |     6 ||    13
       Royal jelly       |       |       |     1 |     1 |     1 ||     3
       Beef jerky        |       |       |     1 |     1 |     1 ||     3
       Meat ration       |       |       |       |     2 |     2 ||     4
Armor: Leather armour    |     8 |    23 |    35 |       |       ||    66
       Skin              |       |       |     4 |       |     1 ||     5
       Ring mail         |       |       |    25 |   164 |    86 ||   275
Dodge: Dodged            |    34 |    60 |   155 |   600 |   257 ||  1106
Block: Shield            |       |    27 |   163 |   790 |   302 ||  1282
